 Dungeon Crawl Stone Soup version 0.31-a0-8-gd14b0f4ee2 (webtiles) character file.

Game seed: 8731667956297142124

41 dracfodder the Digger (level 3, -2/19 HPs)
             Began as a Gargoyle Earth Elementalist on May 7, 2023.
             Slain by Terence
             ... wielding a +0 flail
              (5 damage)
             ... on level 2 of the Dungeon.
             The game lasted 00:07:05 (1125 turns).

dracfodder the Digger (Gargoyle Earth Elementalist) Turns: 1125, Time: 00:07:06

Health: -2/19      AC:  6    Str: 11    XL:     3   Next: 52%
Magic:  1/6        EV: 12    Int: 17    God:
Gold:   84         SH:  0    Dex: 10    Spells: 4/7 levels left

rFire   . . .        j - +3 dagger
rCold   . . .        (no shield)
rNeg    + . .        a - +0 robe
rPois   ∞            (no helmet)
rElec   +            (no cloak)
rCorr   .            (no gloves)
SInv    .            g - +0 pair of boots
Will    .....        (no amulet)
Stlth   ++           (no ring)
HPRegen 0.23/turn    (no ring)
MPRegen 0.10/turn

%: no passive effects
@: no status effects
A: sickness immunity, AC +3, negative energy resistance 1, electricity
resistance, torment resistance 1, petrification resistance
a: no special abilities


You were on level 2 of the Dungeon.
You visited 1 branch of the dungeon, and saw 2 of its levels.

You collected 84 gold pieces.

Inventory:

Hand Weapons
 j - a +3 dagger (weapon)
Armour
 a - a +0 robe (worn)
 g - a +0 pair of boots (worn)
Jewellery
 d - a ring of flight
Scrolls
 f - 2 scrolls of teleportation {unknown}
 i - a scroll of enchant weapon {unknown}
 k - a scroll of blinking {unknown}
 n - 2 scrolls of amnesia {unknown}
Potions
 b - a potion of magic
 c - a potion of flight {unknown}
 e - a potion of mutation {unknown}
 h - a potion of heal wounds {unknown}
 l - 2 potions of might {unknown}
 m - 2 potions of resistance {unknown}
 o - a potion of brilliance {unknown}


   Skills:
 + Level 2.0 Dodging
 + Level 2.1 Stealth
 + Level 0.7 Unarmed Combat
 + Level 2.5 Spellcasting
 + Level 0.7 Transmutations
 + Level 4.3 Earth Magic


You had 4 spell levels left.
You knew the following spells:

 Your Spells              Type           Power      Damage    Failure   Level
a - Sandblast             Erth           34%        2d9       3%          1
b - Passwall              Tmut/Erth      8%         N/A       10%         2

Your spell library contained the following spells:

 Spells                   Type           Power      Damage    Failure   Level
 Stone Arrow              Conj/Erth      18%        3d8       22%         3
 Dazzling Flash           Conj/Hex       4%         N/A       50%         3
 Petrify                  Tmut/Erth      10%        N/A       54%         4
 Agony                    Necr           2%         N/A       99%         5
 Silence                  Hex/Air        1%         N/A       99%         5


Dungeon Overview and Level Annotations

Branches:
Dungeon (2/15)

Altars:

Annotations:
D:2 Terence


Innate Abilities, Weirdness & Mutations

You are immune to sickness and miasma.
Your stone body is resilient. (AC +3)
You are immune to poison.
You resist negative energy. (rN+)
You are resistant to electric shocks. (rElec)
You are resistant to unholy torment.
You are immune to petrification.


Message History

Terence completely misses you.
Aiming: Sandblast (safe; 3% risk of failure)
Press: ? - help, Q - select action, (/) - cycle Shift-Dir - straight line, f/p - Terence
Aim: Terence, wielding a +0 flail and wearing a +2 chain mail of cold resistance (moderately wounded, 87% to hit)
The blast of sand hits Terence but does no damage.
Terence is moderately wounded.
Terence hits you with a +0 flail. x2
You barely miss Terence. You punch Terence.
Terence is moderately wounded.
Terence hits you with a +0 flail!
You hit Terence but do no damage.
Terence is moderately wounded.
Terence hits you but does no damage.
You hit Terence but do no damage.
Terence is moderately wounded.
Terence barely misses you.
You hit Terence but do no damage.
Terence is moderately wounded.
Terence barely misses you.
You hit Terence.
Terence is heavily wounded.
Terence closely misses you.
You barely miss Terence.
Terence is heavily wounded.
Terence hits you but does no damage.
You hit Terence.
Terence is heavily wounded.
Terence says, "Don't bother to defend, it's useless."
Terence barely misses you.
You hit Terence but do no damage.
Terence is heavily wounded.
Terence barely misses you.
You hit Terence.
Terence is severely wounded.
Terence hits you with a +0 flail.
* * * LOW HITPOINT WARNING * * *
You hit Terence but do no damage.
Terence is severely wounded.
Terence hits you with a +0 flail.
You die...

#~~≈≈~≈.~~~~≈.~~~~≈
#..~≈≈~~~~~≈~~~~~~~
#...~≈≈~~~.~~~~.≈~~
#.#~.~~........~~#≈
#.###............##
#.###.####.####.##
#.....# .#
#.#..#####
#.@.......
###@.##### ..# ..#
..# ..# ..# ...


You could see Terence.

Vanquished Creatures
  A worm (D:2)
  A dart slug (D:2)
  4 bats
  2 endoplasms (D:1)
  A giant cockroach (D:2)
  5 goblins (D:1)
  4 hobgoblins
  2 jackals (D:1)
  4 kobolds (D:1)
  A quokka (D:1)
  3 ball pythons (D:1)
  2 frilled lizards
  3 rats (D:1)
33 creatures vanquished.

Notes
Turn   | Place    | Note
-------+----------+-------------------------------------------
     0 | D:1      | dracfodder the Gargoyle Earth Elementalist began the quest
                  | for the Orb.
     0 | D:1      | Reached XP level 1. HP: 10/10 MP: 3/3
   114 | D:1      | Reached XP level 2. HP: 15/15 MP: 1/5
   304 | D:1      | Learned a level 2 spell: Passwall
   408 | D:1      | Reached skill level 4 in Earth Magic
   584 | D:1      | Reached XP level 3. HP: 19/19 MP: 4/6
  1106 | D:2      | Noticed Terence
  1125 | D:2      | Slain by Terence

Illustrated notes

Levels and vault maps discovered:
D:1:      wander_arrival_lonely_grave, layout_rooms, st_stairs_13,
          palyth_stone_intersect, dreamdust_princess_corridor
D:2:      minmay_thinvault, layout_loops_ring, serial_rivers,
          chequers_serial_rivers_small_a, chequers_serial_rivers_large_a,
          chequers_serial_rivers_small_3, chequers_serial_rivers_micro_d,
          chequers_serial_rivers_micro_c, uniq_terence

Skill      XL: |  1  2  3 |
---------------+----------+-----
Earth Magic    | 4 |  4.3
Dodging        | 2 |  2.0
Stealth        | |  2.1
Unarmed Combat | |  0.7
Spellcasting   | |  2.5
Transmutations | |  0.7

Action                     || total
---------------------------++-------
  Melee: Unarmed           ||    23
         Punch             ||     2
         Club              ||     1
         Dagger            ||    10
   Cast: Sandblast         ||    47
 Armour: Robe              ||    10
  Dodge: Dodged            ||    38

Table legend: (Time is in decaauts)
 A = Elapsed time spent in this place.
 B = Non-inter-level travel time spent in this place.
 C = Inter-level travel time spent in this place.
 D = Time resting spent in this place.
 E = Time spent auto-exploring this place.
 F = Levels seen in this place.
 G = Mean time per level.
                   A        B        C        D        E       F      G
               +--------+--------+--------+--------+--------+-----+--------+
         Total |   1151 |   1137 |     14 |    152 |    697 |   2 |  575.5 |
       Dungeon |   1151 |   1137 |     14 |    152 |    697 |   2 |  575.5 |
               +--------+--------+--------+--------+--------+-----+--------+

Top non-repeatable levels by time:
     D:1: 864 daAuts
     D:2: 287 daAuts
